 Dungeon Crawl Stone Soup version 0.28.0-45-g0d030f2227 (webtiles) character file.

Game seed: 6722577038315433596

263 adizb the Chopper (level 5, -2/49 HPs)
             Began as a Deep Dwarf Monk on Apr 14, 2022.
             Slain by a wyvern zombie (10 damage)
             ... on level 3 of the Dungeon.
             The game lasted 00:11:31 (1494 turns).

adizb the Chopper (Deep Dwarf Monk)                 Turns: 1494, Time: 00:11:31

Health: -2/49      AC:  6    Str: 17    XL:     5   Next: 97%
Magic:  1/1        EV: 12    Int: 10    God:
Gold:   60         SH:  0    Dex: 15    Spells: 4/4 levels left

rFire   . . .      SeeInvis .   a - +0 hand axe
rCold   . . .      Faith    .   (no shield)
rNeg    . . .      Spirit   .   f - +1 ring mail
rPois   .          Reflect  .   (no helmet)
rElec   .          Harm     .   (no cloak)
rCorr   .          Rampage  .   (no gloves)
Will    .....                   (no boots)
Stlth   ++........              (no amulet)
HPRegen 0.00/turn               (no ring)
MPRegen 0.07/turn               (no ring)

@: no status effects
A: damage resistance, heal wounds, sense surroundings 1, no regeneration, low MP
1, mutation resistance 1
a: Heal Wounds


You were on level 3 of the Dungeon.
You visited 1 branch of the dungeon, and saw 3 of its levels.

You collected 60 gold pieces.

Inventory:

Hand Weapons
 a - a +0 hand axe (weapon)
Armour
 d - a +0 tower shield
 f - a +1 ring mail (worn)
Potions
 b - a potion of curing {unknown}
 h - a potion of brilliance


   Skills:
 + Level 3.6 Fighting
 * Level 5.3 Axes
 + Level 2.5 Armour
 - Level 3.2 Dodging
 + Level 4.2 Stealth


You had 4 spell levels left.
You didn't know any spells.
Your spell library contained the following spells:

 Spells                   Type           Power      Damage    Failure   Level
 Magic Dart               Conj           0%         1d3       56%         1
 Call Imp                 Summ           0%         N/A       71%         2
 Mephitic Cloud           Conj/Pois/Air  0%         N/A       90%         3


Dungeon Overview and Level Annotations

Branches:
Dungeon (3/15)

Altars:
Hepliaklqana

Shops:
D:1 ?=


Innate Abilities, Weirdness & Mutations

You are resistant to damage.
You can heal yourself by infusing magical energy.
You passively map a small area around you.
You do not regenerate.
Your magical capacity is low. (-10% MP)
You are somewhat resistant to further mutation.


Message History

You barely miss the wyvern zombie.
The wyvern zombie is lightly damaged.
The wyvern zombie closely misses you.
You hit the wyvern zombie but do no damage.
The wyvern zombie is lightly damaged.
The wyvern zombie barely misses you. The wyvern zombie bites you!
* * * LOW HITPOINT WARNING * * *
You hit the wyvern zombie.
The wyvern zombie is lightly damaged.
The wyvern zombie barely misses you.
You barely miss the wyvern zombie.
The wyvern zombie is lightly damaged.
You hit the worm. The wyvern zombie bites you!
* * * LOW HITPOINT WARNING * * *
You feel much better. The wyvern zombie bites you. The worm barely misses you.
You barely miss the wyvern zombie.
The wyvern zombie is lightly damaged.
You hit the worm.
The wyvern zombie bites you but does no damage.
The wyvern zombie closely misses you. The worm bites you.
You hit the wyvern zombie.
The wyvern zombie is moderately damaged.
You hit the worm. The wyvern zombie bites you!
* * * LOW HITPOINT WARNING * * *
The wyvern zombie closely misses you. The wyvern zombie misses you.
As you read the scroll labelled EQOFUTI JODE, it crumbles to dust.
The creatures around you are filled with an inner flame!
It was a scroll of immolation.
The wyvern zombie barely misses you. The wyvern zombie barely misses you.
As you read the scroll labelled YRCHOE ZYECAIL, it crumbles to dust.
It is a scroll of enchant armour.
Your +0 ring mail glows green for a moment.
The wyvern zombie bites you but does no damage.
As you read the scroll labelled BOSHRI AKUI, it crumbles to dust.
It is a scroll of identify.
h - a potion of brilliance The wyvern zombie barely misses you.
The wyvern zombie bites you!
You die...

.≈.###.⌠..# .. ,
.⌠....P≈..##.# #####.###.#
⌠≈⌠≈≈⌠P.###.####..........
........# #..,..... .....
#####...# #.####.####...#
#...###.##.....##...####
#...w##.#.......#.......
#.>.....#.(.....#...#**.
#.....Z@...._.......###.
###....†#.......#..)#...
#.....#..)....#...†.##
#.....##.....##..#.##
#.....####.####..#.# ,
#......,........##.##
##............####..##
##..........#* ##...
############ ###.


You could see a worm (inner flame) and a wyvern zombie (inner flame).

Vanquished Creatures
  Sigmund (D:2)
  Ijyb (D:3)
  2 adders (D:2)
  A worm (D:2)
  A dart slug (D:1)
  4 ball pythons
  6 bats
  5 giant cockroaches
  2 goblins (D:2)
  7 hobgoblins
  4 jackals
  6 kobolds
  3 quokkas
  3 frilled lizards
  A rat (D:1)
47 creatures vanquished.

Vanquished Creatures (others)
  3 plants (D:2)
3 creatures vanquished.

Grand Total: 50 creatures vanquished

Notes
Turn   | Place    | Note
-------+----------+-------------------------------------------
     0 | D:1      | adizb the Deep Dwarf Monk began the quest for the Orb.
     0 | D:1      | Reached XP level 1. HP: 20/20 MP: 1/1
    50 | D:1      | Found Kuraweetusch's Jewellery Emporium.
   103 | D:1      | Reached XP level 2. HP: 25/27 MP: 2/2
   386 | D:1      | Found Utair's Magic Scroll Boutique.
   461 | D:1      | Reached skill level 1 in Armour
   756 | D:2      | Reached XP level 3. HP: 21/33 MP: 3/3
   850 | D:2      | Reached skill level 4 in Axes
  1007 | D:2      | Noticed Sigmund
  1060 | D:2      | HP: 1/34 [Sigmund/magic dart (6)]
  1115 | D:2      | HP: 1/34 [something (3)]
  1127 | D:2      | Gained mutation: You are somewhat resistant to further
                  | mutation. [potion of mutation]
  1127 | D:2      | Gained mutation: Your magical capacity is low. (-10% MP)
                  | [potion of mutation]
  1146 | D:2      | Killed Sigmund
  1147 | D:2      | Reached skill level 5 in Axes
  1147 | D:2      | Reached XP level 4. HP: 3/42 MP: 1/1
  1147 | D:2      | Reached XP level 5. HP: 4/49 MP: 2/2
  1394 | D:3      | Noticed Ijyb
  1421 | D:3      | Killed Ijyb
  1422 | D:3      | Found a hazy altar of Hepliaklqana.
  1480 | D:3      | HP: 2/49 [wyvern zombie (12)]
  1494 | D:3      | Slain by a wyvern zombie

Illustrated notes

Levels and vault maps discovered:
D:1:      dpeg_arrival_houses_and_road, layout_loops_ring, serial_shops,
          nicolae_square_shop, shop
D:2:      cheibrodos_old_hovel, layout_basic, hangedman_glass_teeth,
          uniq_sigmund
D:3:      cheibrodos_greedy_goblins, layout_rooms, old_standard_altar,
          shapermc_ecumenical_altar_acropolis, serial_shops, shop_statue,
          uniq_ijyb

Skill      XL: |  1  2  3 |
---------------+----------+-----
Armour         | 1 2 |  2.5
Stealth        | 3 4 |  4.2
Fighting       | 3 |  3.6
Axes           | 5 |  5.3
Dodging        | |  3.2

Action                   |  1- 3 |  4- 6 || total
-------------------------+-------+-------++-------
Melee: Hand axe          |   136 |    82 ||   218
 Abil: Heal Wounds       |     8 |     5 ||    13
  Use: Potion            |     1 |       ||     1
       Scroll            |       |     3 ||     3
 Stab: Sleeping          |     6 |     2 ||     8
Armor: Ring mail         |    35 |    23 ||    58
       Robe              |     2 |       ||     2
Dodge: Dodged            |    67 |    47 ||   114
